 Dungeon Crawl Stone Soup version 0.25-a0-201-g0bb11aece9 (webtiles) character file.

Game seed: 3489458258813443913, levelgen mode: deterministic

388 floatRand the Sneak (level 6, -4/42 HPs)
             Began as an Octopode Fighter on Dec 2, 2019.
             Slain by a gnoll (6 damage)
             ... on level 3 of the Dungeon.
             The game lasted 00:02:45 (1887 turns).

floatRand the Sneak (Octopode Fighter)              Turns: 1887, Time: 00:02:46

Health: -4/42      AC:  1    Str: 15    XL:     6   Next: 79%
Magic:  6/6        EV: 12    Int: 11    God:
Gold:   89         SH: 10    Dex: 13    Spells: 5/5 levels left

rFire    . . .     SeeInvis .   g - +3 rapier
rCold    . . .     Gourm    .   b - +1 shield
rNeg     . . .     Faith    .   (helmet restricted)
rPois    .         Spirit   .   (no amulet)
rElec    .         Reflect  .   (no ring)
rCorr    .         Harm     .   (no ring)
MR       .....                  (no ring)
Stlth    ++........             (no ring)
HPRegen  0.14/turn              (no ring)
MPRegen  0.10/turn              (no ring)
                                (no ring)
                                (no ring)

@: glowing
A: almost no armour, stealthy swim, amphibious, 8 rings, constrict 8, camouflage
1, gelatinous body 1
a: no special abilities


You were on level 3 of the Dungeon.
You were not hungry.

You visited 1 branch of the dungeon, and saw 4 of its levels.

You collected 89 gold pieces.

Inventory:

Hand Weapons
 a - a +0 flail
 g - a +3 rapier (weapon)
Missiles
 i - 3 datura-tipped darts (quivered)
Armour
 b - a +1 shield (worn)
Wands
 j - a wand of scattershot (3)
 r - a wand of disintegration (4)
Scrolls
 h - a scroll of teleportation
 q - a scroll of identify
Potions
 c - 2 potions of might
 e - 3 potions of curing
 f - a potion of lignification {unknown}
 l - 2 potions of heal wounds {unknown}
 n - 2 potions of brilliance {unknown}
 o - a potion of resistance {unknown}
 p - 2 potions of flight {unknown}
Comestibles
 d - 5 rations
 t - 4 chunks of flesh


   Skills:
 - Level 3.0 Fighting
 + Level 4.3 Maces & Flails
 - Level 3.0 Dodging
 + Level 5.3 Stealth
 + Level 4.8 Shields


You had 5 spell levels left.
You didn't know any spells.
Your spell library was empty.

Dungeon Overview and Level Annotations

Branches:
Dungeon (4/15)
 Temple: D:4-7

Altars:
Hepliaklqana
Xom

Annotations:
D:4 1 runed translucent door, Xiguana's ghost, amateur OgAr


Innate Abilities, Weirdness & Mutations

You cannot wear most types of armour.
You are very stealthy in the water. (Stealth+)
You are amphibious.
You can wear up to eight rings at the same time.
You can use your tentacles to constrict eight enemies at once.
Your skin changes colour to match your surroundings (Stealth+).
Your rubbery body absorbs attacks. (AC +1, EV +1)


Message History

You hit the gnoll. Your grab misses the gnoll. You squeeze the gnoll.
The gnoll is moderately wounded.
The gnoll hits you!
* * * LOW HITPOINT WARNING * * *
The gnoll hits you from afar with a +0 halberd.
* * * LOW HITPOINT WARNING * * *
You are too injured to fight recklessly!
Unknown command.
The gnoll hits you.
* * * LOW HITPOINT WARNING * * *
There is a stone staircase leading up here.
You block the gnoll's attack. The gnoll closely misses you.
You climb upwards.
There is a stone staircase leading down here.
Unknown command.
You closely miss the gnoll. You grab the gnoll.
The gnoll is moderately wounded.
You constrict the gnoll, but do no damage.
The gnoll hits you.
You die...

.....###.....#...#......#
.................#.#....#
...........#.....#.#....#
........................#
......................###
..........>......#....#
#####.......###.......### #
#.......# #.........# #
#......####.@g......#
#############....##.....######
.#.######........#...........#
#..†..#.#........+...........#
####.#†.#........#...........#
.#.####.#........#...........#
#.....#.#....................#
####.#..#...#........[.......#
.#.######....................#


You could see a gnoll.

Vanquished Creatures
  Sigmund (D:3)
  An ogre (D:4)
  A gnoll shaman (D:4)
  A gnoll (D:4)
  3 adders (D:3)
  3 oozes
  2 worms
  3 dart slugs
  4 leopard geckos
  2 orcs (D:3)
  3 goblins
  6 hobgoblins
  4 jackals (D:3)
  7 kobolds
  3 bats
  7 frilled lizards
  A leopard gecko skeleton (D:4)
  7 rats
59 creatures vanquished.

Notes
Turn   | Place    | Note
-------+----------+-------------------------------------------
     0 | D:1      | floatRand the Octopode Fighter began the quest for the Orb.
     0 | D:1      | Reached XP level 1. HP: 16/16 MP: 1/1
   149 | D:1      | Reached skill level 1 in Stealth
   149 | D:1      | Reached XP level 2. HP: 19/21 MP: 2/2
   489 | D:1      | Reached XP level 3. HP: 26/26 MP: 3/3
   617 | D:2      | Reached skill level 2 in Stealth
  1176 | D:2      | Found a hazy altar of Hepliaklqana.
  1294 | D:3      | Reached XP level 4. HP: 27/31 MP: 4/4
  1359 | D:3      | Reached skill level 3 in Stealth
  1394 | D:3      | Noticed Sigmund
  1404 | D:3      | Killed Sigmund
  1404 | D:3      | Reached skill level 4 in Stealth
  1404 | D:3      | Reached XP level 5. HP: 24/36 MP: 5/5
  1404 | D:3      | Reached XP level 6. HP: 28/42 MP: 6/6
  1562 | D:3      | Found a shimmering altar of Xom.
  1809 | D:4      | Found a runed translucent door.
  1811 | D:4      | Noticed Xiguana's ghost (amateur OgAr)
  1852 | D:4      | Reached skill level 5 in Stealth
  1884 | D:4      | HP: 1/42 [gnoll (5)]
  1887 | D:3      | Slain by a gnoll

Levels and vault maps discovered:
D:1:      lightli_arrival_flooded_house, layout_loops_cross, nrook_uturn
D:2:      layout_rooms, nicolae_overflow_hidden_temple
D:3:      minmay_angry_zag, layout_basic, tgw_xom, uniq_sigmund
D:4:      layout_rooms, ebering_ghost_inner_flame, first_ration

Skill      XL: |  1  2  3  4  5  6 |
---------------+-------------------+-----
Stealth        | 1 2 4 5 |  5.3
Maces & Flails | 3 4 |  4.3
Shields        | 4 |  4.8
Fighting       | |  3.0
Dodging        | |  3.0

Action                   |  1- 3 |  4- 6 || total
-------------------------+-------+-------++-------
Melee: Flail             |    41 |       ||    41
       Constrict         |    13 |    10 ||    23
       Tentacles         |    14 |     6 ||    20
       Rapier            |    12 |    50 ||    62
  Use: Scroll            |     2 |     4 ||     6
       Potion            |       |     2 ||     2
 Stab: Sleeping          |     9 |     8 ||    17
  Eat: Chunk             |     1 |     2 ||     3
Armor: Skin              |     2 |     3 ||     5
Dodge: Dodged            |    25 |    26 ||    51
Block: Shield            |    16 |    26 ||    42

Table legend:
 A = Non-vault XP
 B = Vault XP
 C = Vault XP percentage of total XP
 D = Non-vault monster count
 E = Vault monster count
 F = Vault count percentage of total count
                 A         B        C        D         E       F
            +---------+---------+-------+---------+---------+-------
      Total |     322 |     233 |  42.0 |      54 |       5 |   8.5
            +---------+---------+-------+---------+---------+-------
        D:1 |      34 |       0 |   0.0 |      15 |       0 |   0.0
        D:2 |      28 |       0 |   0.0 |      15 |       0 |   0.0
        D:3 |      80 |     233 |  74.4 |      18 |       5 |  21.7
        D:4 |     180 |       0 |   0.0 |       6 |       0 |   0.0
            +---------+---------+-------+---------+---------+-------
